 Dungeon Crawl Stone Soup version 0.21-a0-538-gd16b88a (webtiles) character file.

168 tidbits the Caller (level 5, 37/37 HPs)
             Began as a Gnoll Summoner on Dec 16, 2017.
             Quit the game in a sewer.
             The game lasted 00:09:01 (1196 turns).

tidbits the Caller (Gnoll Summoner)                 Turns: 1196, Time: 00:09:02

Health: 37/37      AC:  5    Str: 10    XL:     5   Next: 49%
Magic:  12/12      EV: 14    Int: 19    God:
Gold:   47         SH:  0    Dex: 15    Spells: 8/14 levels left

rFire    + . .     SeeInvis .   c - 2 bread rations
rCold    . . .     Gourm    .   (no shield)
rNeg     . . .     Faith    .   B - +1 leather armour {rF+}
rPois    .         Spirit   .   E - +0 helmet
rElec    .         Reflect  .   (no cloak)
rCorr    .         Harm     .   (no gloves)
MR       .....                  (no boots)
Stlth    +++.......             (no amulet)
HPRegen  0.12/turn              (no ring)
MPRegen  0.13/turn              (no ring)

@: hasted, very quick
A: distributed training, fangs 1, strong nose
a: no special abilities


You were in a sewer.
You were not hungry.

You visited 1 branch of the dungeon, and saw 4 of its levels.
You also visited: Sewer.

You collected 47 gold pieces.

Inventory:

Hand Weapons
 a - a +2 dagger of venom
   (You found it on level 2 of the Dungeon)
 f - a +0 dagger
 j - a +0 dagger of draining
   (You took it off an orc on level 3 of the Dungeon)
 p - a +2 dagger of speed
   (You took it off a goblin on level 2 of the Dungeon)
 u - a +1 spear of flaming
   (You took it off Robin on level 3 of the Dungeon)
Missiles
 d - 67 arrows
 g - 21 sling bullets
 k - a throwing net (quivered) {!f}
Armour
 e - a +0 ring mail
 o - a +0 robe
 B - a +1 leather armour of fire resistance (worn)
   (You took it off an orc on level 3 of the Dungeon)
 E - a +0 helmet (worn)
Scrolls
 l - a scroll of enchant weapon {unknown}
 n - 2 scrolls of identify {unknown}
 q - a scroll of enchant armour {unknown}
 r - 2 scrolls of remove curse
 s - a scroll of magic mapping {unknown}
 v - a scroll of blinking {unknown}
 y - a scroll of teleportation {unknown}
Potions
 t - 2 potions of curing
 w - a potion of magic
Books
 b - a book of Callings

   Spells                             Type                      Level
   a - Summon Small Mammal            Summoning                    1
   b - Call Imp                       Summoning                    2
   c - Call Canine Familiar           Summoning                    3
   d - Summon Guardian Golem          Hexes/Summoning              3
   e - Summon Lightning Spire         Summoning/Air                4
   f - Summon Ice Beast               Ice/Summoning                4
Comestibles
 c - 2 bread rations (in hand)
 h - a royal jelly
 m - 2 meat rations


   Skills:
 + Level 1.4 Fighting
 + Level 1.4 Short Blades
 + Level 1.4 Long Blades
 + Level 1.4 Axes
 + Level 1.4 Maces & Flails
 + Level 1.4 Polearms
 + Level 1.4 Staves
 + Level 1.4 Slings
 + Level 1.4 Bows
 + Level 1.4 Crossbows
 + Level 1.4 Throwing
 + Level 1.4 Armour
 + Level 4.8 Dodging
 + Level 4.4 Stealth
 + Level 1.4 Shields
 + Level 1.4 Unarmed Combat
 + Level 5.2 Spellcasting
 + Level 1.1 Conjurations
 + Level 1.1 Hexes
 + Level 1.1 Charms
 + Level 7.2 Summonings
 + Level 1.1 Necromancy
 + Level 1.1 Translocations
 + Level 1.1 Transmutations
 + Level 1.1 Fire Magic
 + Level 1.1 Ice Magic
 + Level 1.1 Air Magic
 + Level 1.1 Earth Magic
 + Level 1.1 Poison Magic
 + Level 1.6 Invocations
 + Level 1.4 Evocations


You had 8 spell levels left.
You knew the following spells:

 Your Spells              Type           Power        Failure   Level  Hunger
a - Summon Small Mammal   Summ           ####         1%          1    None
c - Call Canine Familiar  Summ           ####....     2%          3    ##.....
i - Call Imp              Summ           ####....     1%          2    #......


Dungeon Overview and Level Annotations

Branches:
Dungeon (4/15)
 Temple: D:4-7

Altars:
Ru


Innate Abilities, Weirdness & Mutations

Your experience applies equally to all skills.
You have very sharp teeth.
Your uncanny sense of smell can sniff out nearby items.


Message History

You closely miss the big kobold.
The big kobold is moderately wounded.
Your hound closely misses the big kobold.
The big kobold hits you with a dagger.
You hit the big kobold.
The big kobold looks as sick as possible!
The big kobold is moderately wounded.
Your hound bites the big kobold.
The big kobold hits your hound with a dagger.
Your hound bites the big kobold.
You barely miss the big kobold. Your bite misses the big kobold.
The big kobold is severely wounded.
The big kobold hits you but does no damage.
Your hound misses the big kobold. You barely miss the big kobold.
The big kobold is severely wounded.
Your hound bites the big kobold.
The big kobold hits you but does no damage.
Your hound bites the big kobold.
You kill the big kobold!
You have reached level 5!
z - a silvery potion
Things that are here:
a dagger; 4 stones; a big kobold corpse You see here a kobold corpse.
You enter the shallow water.
Moving in this stuff is going to be slow.
You enter the shallow water.
Moving in this stuff is going to be slow.
You swap places.
You enter the shallow water.
Moving in this stuff is going to be slow.
Things that are here:
an enchanted dagger; 3 stones; a kobold corpse
w - 2 fuming red potions (gained 1);
y - a scroll labeled JAMNUSH NIKU It was a potion of curing.
You feel better.
You enter the shallow water.
Moving in this stuff is going to be slow.
You see here a stone.
You see here a stone.
You enter the shallow water.
Moving in this stuff is going to be slow.
You see here an adder corpse.
You enter the shallow water.
Moving in this stuff is going to be slow.
You see here an adder corpse.
You enter the shallow water.
Moving in this stuff is going to be slow.
You see here a stone.
You see here a stone.
It was a potion of magic.
Magic courses through your body.
It was a potion of lignification.
You turn into a tree.
Your +0 helmet melds into your body.
Your +1 leather armour of fire resistance melds into your body.
You feel less resistant to fire.
Your roots penetrate the ground.
Okay, then.
Unknown command.
Wield which item (- for none, * to show all)? (? for menu, Esc to quit)
Your +2 dagger of venom stops dripping with poison.
c - 2 bread rations (in branch)
You swing at nothing.
You swing at nothing.
You swing at nothing.
You swing at nothing.
You swing at nothing.
You swing at nothing.
You swing at nothing.
You swing at nothing.
You swing at nothing.
You swing at nothing.
You swing at nothing.
You swing at nothing.
You swing at nothing.
You swing at nothing.
You swing at nothing.
You swing at nothing.
You swing at nothing.
You swing at nothing.
You swing at nothing.
Your hound disappears in a puff of smoke!
You swing at nothing.
You swing at nothing.
You swing at nothing.
You swing at nothing.
You swing at nothing.
You swing at nothing.
Your transformation is almost over.
You swing at nothing.
You swing at nothing.
You swing at nothing.
You swing at nothing.
You swing at nothing.
You swing at nothing.
You feel less wooden.
Your +0 helmet unmelds from your body.
Your +1 leather armour of fire resistance unmelds from your body.
You feel resistant to fire.
It was a potion of heal wounds.
You feel much better.
It was a potion of haste.
You feel yourself speed up.
Are you sure you want to abandon this character and quit the game? (Confirm with "yes".)

#≈≈...≈≈≈≈≈...≈≈...†)....#
#.≈...#####..≈≈.####...≈.#
##..≈# ##..≈## ##..### ##≈#
##≈## #### #≈# #≈# #≈# #)# ##
##≈## ##≈## ##### .## ##≈.≈##
##≈..## ##.≈.##
..####.∩...#####@.≈..####.....#
..≈≈≈≈≈.∩≈≈≈≈≈≈≈≈≈≈..((≈≈....≈#
..####.≈.≈.##≈##.≈≈.≈####≈..≈≈#
.## ##.≈.### ##.≈.## ##...## ##
##≈## ##≈## ##≈## # #≈# ∆ #≈#
#≈# # #≈# ∆ ∆ #≈# #≈# # #≈# ∆
#≈# #≈# ## ##≈## ##≈## ##†##


There were no monsters in sight!

Vanquished Creatures
  A big kobold (Sewer)
  Robin (D:3)
  2 adders
  A river rat (Sewer)
  2 worms (Sewer)
  A dart slug (D:1)
  A leopard gecko (D:1)
  3 orcs (D:3)
  A giant cockroach (D:3)
  6 hobgoblins
  A quokka (D:2)
  A bat (D:3)
  2 frilled lizards (D:1)
  4 goblins (D:3)
  9 kobolds
  8 rats
44 creatures vanquished.

Vanquished Creatures (collateral kills)
  2 adders
  An ooze (Sewer)
  3 orcs (D:3)
  A ball python (Sewer)
  11 goblins
  A hobgoblin (D:2)
  A frilled lizard (D:3)
  7 kobolds
  6 rats
33 creatures vanquished.

Grand Total: 77 creatures vanquished

Notes
Turn   | Place    | Note
-------+----------+-------------------------------------------
     0 | D:1      | tidbits the Gnoll Summoner began the quest for the Orb.
     0 | D:1      | Reached XP level 1. HP: 13/13 MP: 6/6
   143 | D:1      | Reached XP level 2. HP: 14/19 MP: 7/7
   244 | D:1      | Learned a level 2 spell: Call Imp
   447 | D:3      | Reached XP level 3. HP: 11/25 MP: 9/9
   452 | D:3      | Learned a level 3 spell: Call Canine Familiar
   481 | D:3      | Reached skill level 5 in Spellcasting
   505 | D:3      | Reached skill level 1 in Invocations
   675 | D:3      | Reached skill level 1 in Fighting
   675 | D:3      | Reached skill level 1 in Short Blades
   675 | D:3      | Reached skill level 1 in Long Blades
   675 | D:3      | Reached skill level 1 in Axes
   675 | D:3      | Reached skill level 1 in Maces & Flails
   675 | D:3      | Reached skill level 1 in Polearms
   675 | D:3      | Reached skill level 1 in Staves
   675 | D:3      | Reached skill level 1 in Slings
   675 | D:3      | Reached skill level 1 in Bows
   675 | D:3      | Reached skill level 1 in Crossbows
   675 | D:3      | Reached skill level 1 in Throwing
   675 | D:3      | Reached skill level 1 in Armour
   675 | D:3      | Reached skill level 1 in Shields
   675 | D:3      | Reached skill level 1 in Unarmed Combat
   675 | D:3      | Reached skill level 1 in Evocations
   703 | D:3      | Reached XP level 4. HP: 16/32 MP: 7/11
   765 | D:3      | Found a sacrificial altar of Ru.
   797 | D:3      | Noticed Robin
   801 | D:3      | Killed Robin
   882 | D:3      | Found a glowing drain.
   891 | Sewer    | Entered a sewer
   988 | Sewer    | Reached skill level 1 in Conjurations
   988 | Sewer    | Reached skill level 1 in Hexes
   988 | Sewer    | Reached skill level 1 in Charms
   988 | Sewer    | Reached skill level 1 in Necromancy
   988 | Sewer    | Reached skill level 1 in Translocations
   988 | Sewer    | Reached skill level 1 in Transmutations
   988 | Sewer    | Reached skill level 1 in Fire Magic
   988 | Sewer    | Reached skill level 1 in Ice Magic
   988 | Sewer    | Reached skill level 1 in Air Magic
   988 | Sewer    | Reached skill level 1 in Earth Magic
   988 | Sewer    | Reached skill level 1 in Poison Magic
  1081 | Sewer    | Noticed a big kobold
  1095 | Sewer    | Killed a big kobold
  1095 | Sewer    | Reached XP level 5. HP: 29/37 MP: 12/12
  1196 | Sewer    | Quit the game

Vault maps used:
D:1:      nzn_arrival_depleted_hourglass
D:2:      marbit_many_paths, first_bread, makhleb_heckhound_becter
D:3:      lemuel_coloured_pillars_altar, nicolae_ru_the_path_less_chosen,
          cheibrodos_sewer_entry_bend, uniq_robin
D:4:      nemelex_xobeh_ov_fountains_minmay
Sewer:    sewer_co_15_rooms

Skill      XL: |  1  2  3  4 |
---------------+-------------+-----
Spellcasting   | 5 |  5.2
Invocations    | 1 |  1.6
Fighting       | 1 |  1.4
Short Blades   | 1 |  1.4
Long Blades    | 1 |  1.4
Axes           | 1 |  1.4
Maces & Flails | 1 |  1.4
Polearms       | 1 |  1.4
Staves         | 1 |  1.4
Slings         | 1 |  1.4
Bows           | 1 |  1.4
Crossbows      | 1 |  1.4
Throwing       | 1 |  1.4
Armour         | 1 |  1.4
Shields        | 1 |  1.4
Unarmed Combat | 1 |  1.4
Evocations     | 1 |  1.4
Conjurations   | 1 |  1.1
Hexes          | 1 |  1.1
Charms         | 1 |  1.1
Necromancy     | 1 |  1.1
Translocations | 1 |  1.1
Transmutations | 1 |  1.1
Fire Magic     | 1 |  1.1
Ice Magic      | 1 |  1.1
Air Magic      | 1 |  1.1
Earth Magic    | 1 |  1.1
Poison Magic   | 1 |  1.1
Dodging        | |  4.8
Stealth        | |  4.4
Summonings     | |  7.2

Action                   |  1- 3 |  4- 6 || total
-------------------------+-------+-------++-------
Melee: Unarmed           |    10 |       ||    10
       Dagger            |    58 |    57 ||   115
       Bite              |     3 |     1 ||     4
 Cast: Summon Small Mamm |    16 |     2 ||    18
       Call Imp          |     4 |       ||     4
       Call Canine Famil |     5 |     5 ||    10
  Use: Potion            |     1 |     5 ||     6
       Scroll            |     1 |       ||     1
 Stab: Sleeping          |    10 |     1 ||    11
       Distracted        |     1 |       ||     1
  Eat: Royal jelly       |       |     1 ||     1
Armor: Robe              |     6 |       ||     6
       Leather armour    |     2 |    11 ||    13
Dodge: Dodged            |    57 |    28 ||    85

Table legend:
 A = Spawn XP
 B = Non-spawn XP
 C = Spawn XP percentage of total XP
 D = Spawn monster count
 E = Non-spawn monster count
 F = Spawn count percentage of total count
 G = Total turns spent on level
                    A         B        C        D         E        F      G
               +---------+---------+-------+---------+---------+-------+---------
         Total |       0 |     241 |   0.0 |       0 |      77 |   0.0 |  1196
               +---------+---------+-------+---------+---------+-------+---------
           D:1 |       0 |      19 |   0.0 |       0 |      13 |   0.0 |   257
           D:2 |       0 |      11 |   0.0 |       0 |       9 |   0.0 |   164
           D:3 |       0 |      72 |   0.0 |       0 |      37 |   0.0 |   445
           D:4 |       0 |       7 |   0.0 |       0 |       1 |   0.0 |    25
         Sewer |       0 |     132 |   0.0 |       0 |      17 |   0.0 |   305
               +---------+---------+-------+---------+---------+-------+---------

Table legend:
 A = Turns spent in this place as a percentage of turns spent in the entire game.
 B = Non-inter-level travel turns spent in this place as a percentage of non-inter-level travel turns spent in the entire game.
 C = Inter-level travel turns spent in this place as a percentage of turns spent in this place.
 D = Turns resting spent in this place as a percentage of non-inter-level travel turns spent in this place.
 E = Turns spent auto-exploring this place as a percentage of non-inter-level travel turns spent in this place.
 F = Non-inter-level travel turns spent in this place divided by the number of levels of this place that you've seen.
                   A       B       C       D       E      F
               +-------+-------+-------+-------+-------+----------------------
         Total | 100.0 | 100.0 |   0.0 |   0.0 |   0.0 | 239.2
       Dungeon |  74.5 |  74.5 |   0.0 |   0.0 |   0.0 | 222.8
         Sewer |  25.5 |  25.5 |   0.0 |   0.0 |   0.0 | 305.0
               +-------+-------+-------+-------+-------+----------------------

Table legend:
 A = Kills in this place as a percentage of kills in entire the game.
 B = Kills by you in this place as a percentage of kills by you in the entire game.
 C = Kills by friends in this place as a percentage of kills by friends in the entire game.
 D = Other kills in this place as a percentage of other kills in the entire game.
 E = Experience gained in this place as a percentage of experience gained in the entire game.
 F = Experience gained in this place divided by the number of levels of this place that you have seen.
                   A       B       C       D       E      F
               +-------+-------+-------+-------+-------+----------------------
         Total | 100.0 | 100.0 | 100.0 |   N/A | 100.0 |  48.2
       Dungeon |  77.9 |  77.3 |  78.8 |   N/A |  45.2 |  27.2
         Sewer |  22.1 |  22.7 |  21.2 |   N/A |  54.8 | 132.0
               +-------+-------+-------+-------+-------+----------------------

Vault maps used:
D:1:      nzn_arrival_depleted_hourglass
D:2:      marbit_many_paths, first_bread, makhleb_heckhound_becter
D:3:      lemuel_coloured_pillars_altar, nicolae_ru_the_path_less_chosen,
          cheibrodos_sewer_entry_bend, uniq_robin
D:4:      nemelex_xobeh_ov_fountains_minmay
Sewer:    sewer_co_15_rooms
